 Dungeon Crawl Stone Soup version 0.20.1-1-g8b1a95d (webtiles) character file.

4487 Irenicus the Martial Artist (level 10, -1/63 HPs)
             Began as an Octopode Chaos Knight on Oct 13, 2017.
             Slain by a hippogriff (10 damage)
             ... on level 8 of the Dungeon.
             The game lasted 00:27:45 (8150 turns).

Irenicus the Martial Artist (Octopode Chaos Knight) Turns: 8150, Time: 00:27:46

Health: -1/63      AC:  5    Str:  9 (13) XL:     10   Next: 38%
Magic:  10/10      EV: 13    Int: 10 (13) God:    Xom [..*...]
Gold:   1174       SH:  5    Dex: 13 (15) Spells: 8/9 levels left

rFire    . . .     SeeInvis +     - Unarmed
rCold    . . .     Gourm    +   F - +0 buckler
rNeg     . . .     Faith    .   (helmet restricted)
rPois    .         Spirit   .   w - amulet "Sowed" {Gourm Str+2}
rElec    .         Reflect  .   u - +2 ring of protection
rCorr    +         Harm     .   z - ring of resist corrosion
MR       .....                  G - ring of wizardry
Stlth    ++++......             I - ring of see invisible
Regen    0.2/turn               (no ring)
MPRegen  0.2/turn               (no ring)
                                (no ring)
                                (no ring)

@: berserk cooldown, flying, slowed, very slow
A: almost no armour, stealthy swim, amphibious, 8 rings, constrict 8, icy blue
scales 1, camouflage 1, deterioration 1, dopey 1, gelatinous body 1
a: Renounce Religion


You were on level 8 of the Dungeon.
You worshipped Xom.
You were a toy of Xom.
You were very full.

You visited 1 branch of the dungeon, and saw 8 of its levels.
You also visited: Ossuary.

You collected 1174 gold pieces.

Inventory:

Hand Weapons
 b - a +2 dagger of speed
 m - a +0 hunting sling
Armour
 B - the +0 shield of Yhamomer {+Blink Str-3 SInv Stlth-}
   (Xom gifted it to you on level 5 of the Dungeon)

   It affects your strength (-3).
   It lets you see invisible.
   It lets you blink.
   It makes you less stealthy.
 F - a +0 buckler (worn)
Jewellery
 u - a +2 ring of protection (left tentacle)
 w - the amulet "Sowed" (around mantle) {Gourm Str+2}
   (You found it on level 5 of the Dungeon)

   [amulet of the gourmand]

   It allows you to eat raw meat even when not hungry.
   It affects your strength (+2).
 z - a ring of resist corrosion (right tentacle)
 G - a ring of wizardry (on tentacle)
 I - a ring of see invisible (on tentacle)
Wands
 A - a wand of polymorph (6/24)
 C - a wand of polymorph (4/24)
 L - a wand of acid (6/15)
Scrolls
 c - 5 scrolls of identify
 f - 3 scrolls of noise
 h - 2 scrolls of enchant weapon
 i - 3 scrolls of remove curse
 j - a scroll of magic mapping {unknown}
 l - 3 scrolls of recharging
 r - a scroll of enchant armour {unknown}
 t - a scroll of teleportation
 y - 2 scrolls of immolation {unknown}
 E - a scroll of fog {unknown}
 H - a scroll of amnesia {unknown}
Potions
 d - a potion of brilliance
 e - 4 potions of degeneration
 g - a potion of berserk rage
 k - 2 potions of flight
 n - a potion of cancellation
 p - a potion of agility
 v - 2 potions of invisibility
Books
 s - a book of Cantrips

   Spells                             Type                      Level
   a - Confusing Touch                Hexes                        1
   b - Animate Skeleton               Necromancy                   1
   c - Summon Small Mammal            Summoning                    1
   d - Apportation                    Translocation                1
Comestibles
 a - 6 bread rations
 o - 5 royal jellies
 q - 2 meat rations
 x - 4 fruits


   Skills:
 - Level 3.0 Fighting
 - Level 2.3 Dodging
 - Level 4.0 Stealth
 * Level 3.6 Shields
 + Level 12.5 Unarmed Combat
 - Level 6.2 Hexes


You had 8 spell levels left.
You knew the following spells:

 Your Spells              Type           Power        Failure   Level  Hunger
a - Confusing Touch       Hex            ##....       1%          1    ##.....


Dungeon Overview and Level Annotations

Branches:
Dungeon (8/15)             Temple (0/1) D:6
   Lair: D:8-11

Altars:
Elyvilon
Nemelex Xobeh
Qazlal
Xom
Zin

Annotations:
D:7 exclusion: ice beast


Innate Abilities, Weirdness & Mutations

You cannot wear most types of armour.
You are very stealthy in the water. (Stealth+)
You are amphibious.
You can wear up to eight rings at the same time.
You can use your tentacles to constrict eight enemies at once.
Your skin changes colour to match your surroundings (Stealth+).
Your rubbery body absorbs attacks. (AC +1, EV +1)
You are partially covered in icy blue scales. (AC +2)
Your body sometimes deteriorates upon taking damage.
You are dopey. (Int -2)


Message History

You barely miss the centaur. You squeeze the centaur.
The centaur is heavily wounded.
The centaur unwields an uncursed shortbow.
The centaur hits you.
* * * LOW HITPOINT WARNING * * *
You barely miss the centaur. You squeeze the centaur!
You kill the centaur!
You bludgeon the hippogriff!
The hippogriff is moderately wounded.
You are no longer berserk.
You are exhausted.
You feel yourself slow down. You block the hippogriff's attack.
The hippogriff pecks you.
* * * LOW HITPOINT WARNING * * *
The hippogriff closely misses you.
It was a potion of flight.
You feel very buoyant.
You fly up into the air.
The hippogriff bites you!
You die...
Xom cackles wildly!

##..............(##
#.............(..(#
#.................#
#......>.........(#
#.<..............##
#................(##
#................#.###
#.............H.###.(##
##............@.#
##.(## #.............##
##..## ####.......(.##
##..## ####.....##
##..## ####### ###.##
##.# #.# ###


You could see a hippogriff.

Vanquished Creatures
  Pikel (D:7)
  An oklob plant (D:7)
  Joseph (D:7)
  A rime drake (D:3)
  Menkaure (D:7)
  A floating eye (D:6)
  An orc warrior (D:7)
  4 sky beasts
  A phantom (D:7)
  4 ogres
  3 centaurs
  3 elf zombies (Ossuary)
  3 bullfrogs
  A gnoll sergeant (D:7)
  A scorpion (D:7)
  3 electric eels (D:6)
  A crimson imp (D:8)
  A human zombie (Ossuary)
  A jelly (D:6)
  A gnoll shaman (D:6)
  5 orc priests
  A bullfrog skeleton (D:5)
  3 hounds
  7 orc wizards
  An iguana (D:7)
  2 worker ants
  A big kobold zombie (Ossuary)
  A mummy (Ossuary)
  2 worker ant zombies
  Robin (D:3)
  11 gnolls
  8 adders
  A shadow imp (D:5)
  An ooze (D:3)
  2 adder zombies
  3 worms
  A dart slug (D:1)
  2 leopard geckos (D:6)
  31 orcs
  3 ball pythons
  4 giant cockroaches
  18 goblins
  15 hobgoblins
  4 jackals (D:1)
  4 quokkas
  7 bats
  A frilled lizard (D:2)
  5 goblin zombies (Ossuary)
  7 hobgoblin zombies (Ossuary)
  A jackal skeleton (D:7)
  3 kobolds
  13 kobold zombies (Ossuary)
  4 orc zombies (Ossuary)
  A quokka skeleton (D:7)
  A quokka zombie (D:7)
  10 rats
  A rat zombie (Ossuary)
220 creatures vanquished.

Vanquished Creatures (collateral kills)
  Edmund (D:5)
  A scorpion (D:4)
  An orc wizard (D:3)
  An adder skeleton (D:4)
  A worm (D:5)
5 creatures vanquished.

Vanquished Creatures (others)
  3 slaves (D:7)
  A human zombie (Ossuary)
  An adder (D:6)
  An orc (D:6)
6 creatures vanquished.

Grand Total: 231 creatures vanquished

Notes
Turn   | Place    | Note
-------+----------+-------------------------------------------
     0 | D:1      | Irenicus the Octopode Chaos Knight began the quest for the Orb.
     0 | D:1      | Reached XP level 1. HP: 16/16 MP: 1/1
    75 | D:1      | Reached XP level 2. HP: 4/21 MP: 2/2
   342 | D:1      | XOM: divination: magic mapping
   438 | D:1      | XOM: god gift: dark potion {god gift}
   452 | D:1      | Reached skill level 1 in Stealth
   534 | D:1      | XOM: smoke on damage
   728 | D:1      | Reached XP level 3. HP: 26/26 MP: 3/3
   884 | D:2      | XOM: give mutations
   884 | D:2      | Gained mutation: You have supernaturally acute eyesight. (SInv) [Xom's grace]
   884 | D:2      | Gained mutation: You are somewhat resistant to further mutation. [Xom's grace]
  1132 | D:2      | XOM: 2-stop teleportation journey
  1172 | D:2      | You fall through a shaft for 2 floors!
  1207 | D:4      | Noticed a scorpion
  1214 | D:4      | Found a sand-covered staircase.
  1219 | Ossuary  | Entered an ossuary
  1252 | Ossuary  | XOM: harmless Chrm miscast
  1503 | Ossuary  | XOM: god gift: white potion {god gift}
  1506 | Ossuary  | Reached skill level 4 in Unarmed Combat
  1506 | Ossuary  | Reached XP level 4. HP: 31/31 MP: 4/4
  1506 | Ossuary  | XOM: divine lightning
  1524 | Ossuary  | XOM: 2-stop teleportation journey
  1588 | Ossuary  | XOM: harmless Pois miscast
  1601 | Ossuary  | XOM: harmless Erth miscast
  1605 | Ossuary  | XOM: mild Tmut miscast
  1612 | Ossuary  | Reached skill level 5 in Unarmed Combat
  1612 | Ossuary  | Reached XP level 5. HP: 24/36 MP: 5/5
  1649 | Ossuary  | XOM: give mutations
  1649 | Ossuary  | Gained mutation: You tend to lose your temper in combat. [Xom's mischief]
  1649 | Ossuary  | Lost mutation: You have supernaturally acute eyesight. (SInv) [Xom's mischief]
  1649 | Ossuary  | Gained mutation: Scrolls take you a little longer to read. [Xom's mischief]
  1866 | Ossuary  | XOM: harmless Summ miscast
  1874 | Ossuary  | Reached skill level 6 in Unarmed Combat
  1874 | Ossuary  | Reached XP level 6. HP: 16/42 MP: 6/6
  2169 | D:4      | XOM: harmless Tmut miscast
  2289 | D:4      | XOM: summons 6 friendly demons
  2393 | D:3      | Reached skill level 7 in Unarmed Combat
  2461 | D:3      | XOM: confusion (+ monsters)
  2565 | D:3      | Noticed a hornet
  2771 | D:3      | Reached XP level 7. HP: 46/46 MP: 7/7
  2771 | D:3      | XOM: scenery: create altars
  2798 | D:3      | Noticed Robin
  2824 | D:3      | Killed Robin
  2913 | D:3      | You fall through a shaft for 3 floors!
  2918 | D:5      | Entered Level 5 of the Dungeon
  2965 | D:5      | XOM: god gift: hunting sling {god gift}
  3190 | D:5      | Learned a level 1 spell: Confusing Touch
  3199 | D:5      | Reached skill level 8 in Unarmed Combat
  3228 | D:5      | Reached skill level 1 in Hexes
  3245 | D:5      | Got a scintillating emerald amulet
  3246 | D:5      | Identified the amulet "Sowed" {Gourm Str+2} (You found it on level 5 of the Dungeon)
  3489 | D:3      | Found a sparkling altar of Nemelex Xobeh.
  3850 | D:2      | XOM: draining
  4295 | D:2      | XOM: god gift: 700 gold pieces
  4308 | D:2      | Found a stormy altar of Qazlal.
  4341 | D:2      | XOM: give mutations
  4341 | D:2      | Lost mutation: You tend to lose your temper in combat. [Xom's mischief]
  4341 | D:2      | Gained mutation: You are weak. (Str -2) [Xom's mischief]
  4442 | D:3      | Paralysed by a hornet for 2 turns
  4443 | D:3      | XOM: scenery: create altars
  4446 | D:3      | Noticed a rime drake
  4446 | D:3      | a hornet changed into a rime drake
  4446 | D:3      | XOM: polymorph hornet -> rime drake
  4450 | D:3      | XOM: potion effect (might)
  4454 | D:3      | Killed a rime drake
  4454 | D:3      | Reached XP level 8. HP: 25/52 MP: 6/8
  4566 | D:3      | XOM: medium Erth miscast
  4585 | D:3      | XOM: harmless Tloc miscast
  4665 | D:3      | XOM: cloud trail
  4787 | D:4      | Reached skill level 5 in Hexes
  4794 | D:4      | XOM: divination: detect creatures
  4831 | D:4      | XOM: 1-stop teleportation journey
  5214 | D:5      | XOM: god gift: crude shield {god gift}
  5215 | D:5      | Got a crude shield {god gift}
  5221 | D:5      | Identified the +0 shield of Yhamomer {+Blink Str-3 SInv Stlth-} (Xom gifted it to you on level 5 of the Dungeon)
  5346 | D:5      | XOM: summons 4 hostile shadow creatures
  5434 | D:5      | XOM: draining
  5445 | D:5      | Noticed Edmund
  5460 | D:5      | XOM: summons 5 friendly demons
  5479 | D:5      | Killed Edmund
  5656 | D:6      | Noticed a two-headed ogre
  5665 | D:6      | a two-headed ogre changed into a floating eye
  5665 | D:6      | XOM: polymorph two-headed ogre -> floating eye
  5696 | D:6      | Found a white marble altar of Elyvilon.
  5735 | D:6      | Reached skill level 9 in Unarmed Combat
  5817 | D:6      | Reached XP level 9. HP: 56/56 MP: 9/9
  5820 | D:6      | XOM: 1-stop teleportation journey
  6050 | D:6      | XOM: enchant monster (good)
  6112 | D:6      | XOM: divination: magic mapping
  6213 | D:6      | XOM: divination: magic mapping
  6217 | D:6      | Found a staircase to the Ecumenical Temple.
  6348 | D:6      | Reached skill level 10 in Unarmed Combat
  6455 | D:7      | XOM: stealth player
  6510 | D:7      | XOM: smoke on damage
  6584 | D:7      | Noticed Menkaure
  6863 | D:7      | XOM: potion effect (haste)
  6870 | D:7      | Killed Menkaure
  6870 | D:7      | Reached skill level 1 in Shields
  6948 | D:7      | XOM: give mutations
  6948 | D:7      | Lost mutation: You are somewhat resistant to further mutation. [Xom's grace]
  6948 | D:7      | Gained mutation: You evolve. [Xom's grace]
  6948 | D:7      | Gained mutation: You are partially covered in icy blue scales. (AC +2) [Xom's grace]
  6948 | D:7      | Lost mutation: You are weak. (Str -2) [Xom's grace]
  7059 | D:7      | XOM: harmless Tmut miscast
  7102 | D:7      | XOM: summons friendly white imp
  7112 | D:7      | XOM: enchant monster (bad)
  7120 | D:7      | Reached skill level 11 in Unarmed Combat
  7224 | D:7      | XOM: give mutation
  7224 | D:7      | Lost mutation: Scrolls take you a little longer to read. [Xom's mischief]
  7250 | D:7      | XOM: enchant monster (good)
  7300 | D:7      | Gained mutation: You are resistant to hostile enchantments. (MR+) [evolution]
  7300 | D:7      | Lost mutation: You evolve. [end of evolution]
  7316 | D:7      | Found a glowing silver altar of Zin.
  7316 | D:7      | Noticed an oklob plant
  7376 | D:7      | Noticed Pikel
  7388 | D:7      | XOM: summons 2 hostile shadow creatures
  7389 | D:7      | Lost mutation: You are resistant to hostile enchantments. (MR+) [mutagenic meat]
  7391 | D:7      | XOM: blink monster(s)
  7392 | D:7      | Killed Pikel
  7392 | D:7      | Reached XP level 10. HP: 30/63 MP: 8/10
  7394 | D:7      | Gained mutation: You are clumsy. (Dex -2) [mutagenic meat]
  7395 | D:7      | Gained mutation: You are somewhat resistant to further mutation. [mutagenic meat]
  7515 | D:7      | Noticed Joseph
  7541 | D:7      | XOM: stat loss: -1 Dex (12/13)
  7548 | D:7      | XOM: confusion (+ monsters)
  7553 | D:7      | XOM: smoke on damage
  7562 | D:7      | Killed Joseph
  7562 | D:7      | Reached skill level 12 in Unarmed Combat
  7695 | D:7      | XOM: give mutations
  7695 | D:7      | Gained mutation: Your body sometimes deteriorates upon taking damage. [Xom's mischief]
  7695 | D:7      | Lost mutation: You are clumsy. (Dex -2) [Xom's mischief]
  7695 | D:7      | Lost mutation: You are somewhat resistant to further mutation. [Xom's mischief]
  7695 | D:7      | Gained mutation: You are dopey. (Int -2) [Xom's mischief]
  7821 | D:8      | Found a shimmering altar of Xom.
  7875 | D:8      | XOM: noise
  8057 | D:7      | Killed an oklob plant
  8139 | D:8      | HP: 2/63 [centaur/arrow (13)]
  8142 | D:8      | Xom revived you
  8150 | D:8      | Slain by a hippogriff

Skill      XL: |  1  2  3  4  5  6  7  8  9 10 |
---------------+-------------------------------+-----
Stealth        | 2 3 4 |  4.0
Unarmed Combat | 4 5 6 7 8 9 11 12 | 12.5
Hexes          | 4 6 |  6.2
Shields        | 3 |  3.6
Fighting       | |  3.0
Dodging        | |  2.3

Action                   |  1- 3 |  4- 6 |  7- 9 | 10-12 || total
-------------------------+-------+-------+-------+-------++-------
Melee: Unarmed           |    65 |   120 |   347 |    53 ||   585
       Constrict         |    35 |    27 |    73 |    12 ||   147
       Tentacles         |    24 |    31 |    78 |    15 ||   148
       Dagger            |    40 |       |       |       ||    40
       Punch             |     8 |     2 |    27 |     5 ||    42
 Cast: Confusing Touch   |       |       |    51 |     5 ||    56
Evoke: Wand              |       |       |     1 |     1 ||     2
  Use: Scroll            |     3 |       |       |     8 ||    11
       Potion            |     1 |     2 |     5 |     5 ||    13
 Stab: Sleeping          |     6 |     4 |    23 |     1 ||    34
       Confused          |       |       |    15 |     4 ||    19
       Distracted        |       |       |     1 |       ||     1
       Paralysed         |       |       |     3 |       ||     3
  Eat: Chunk             |     1 |       |    28 |     6 ||    35
       Bread ration      |       |     1 |       |       ||     1
Armor: Skin              |     9 |     5 |    51 |     5 ||    70
Dodge: Dodged            |    50 |    40 |   131 |    15 ||   236
Block: Buckler           |       |       |     1 |     8 ||     9
